woodfighter, chaotic female orcish Cavewoman --------- |.....>.|`#####################################---------------- |.......| ------------- #|............^^| |.*......### |..<........--########### ##...............| ----|---- # |(............####------# ##|..............| # ###|............|# #|....|# ####---------------- # #-............| #|....|# # ########### # |............| #|....-###### # ### -------------- #|....|# ### ^ # #|....|# # --|----- ### #.....|# ###---.....{--- # # ###------## #....----...| ---.-.---------- # ######### ---d---- |...| |...| |...............########### |.....*| ##....| |...| |..............| |@.^...| # |...----...| |..............| ........######### ---......--- ---------------- -------- -------- woodfighter the Young Cave Woman Experience level: 6 Strength: 18/01 Dexterity: 16 Constitution: 18 Intelligence: 12 Wisdom: 7 Charisma: 6 Health: 0(65) Energy: 14(18) Def: 2 Gold: 0 Moves: 4477 Dungeon seed: OZ1aYYOfoKeWoyed Game ID: woodfighter_1488310238 Your Inventory: Weapons a - a +1 club (alternate weapon; not wielded) b - a +2 sling (weapon in hand) o - a +0 spear Armor n - an uncursed +0 dwarvish cloak (being worn) q - an uncursed +0 leather armor (being worn) z - a cursed -1 pair of levitation boots E - an uncursed +0 pair of iron shoes H - an uncursed +0 pair of iron shoes Comestibles c - 5 uncursed food rations f - an uncursed tin of homunculus meat k - an uncursed cram ration Z - an uncursed lichen corpse Wands i - a wand of slow monster (0:6) r - a wand of secret door detection (0:15) u - a wand of enlightenment (0:15) B - a wand of enlightenment (0:14) D - a wand of lightning (0:8) R - a wand of digging (0:4) Tools s - an uncursed bag of holding y - an uncursed skeleton key Gems e - 7 uncursed flints (in quiver) Contents of the bag of holding: 3113 gold pieces a cursed [-1] dwarvish cloak a cursed [-1] mummy wrapping an uncursed [+0] orcish cloak an uncursed [+0] orcish cloak an uncursed [+0] orcish helm an uncursed [+0] orcish helm an uncursed [+0] orcish helm an uncursed scroll of enchant armor a [uncursed] scroll of genocide 2 blessed scrolls of identify an uncursed scroll of identify a cursed scroll of remove curse a [uncursed] scroll of remove curse 3 uncursed scrolls of scare monster an uncursed spellbook of cancellation an uncursed spellbook of magic missile a [uncursed] potion of acid an uncursed potion of booze 2 uncursed potions of extra healing an uncursed potion of monster detection a blessed potion of sickness an uncursed potion of sleeping an uncursed potion of speed an uncursed potion of water a [cursed] ring of teleportation Spells and supernatural/magical abilities: Name Level Category Fail Memory W - pray for help -- divine ? -- Your skills at the end: Miscellaneous Skills bare handed combat [Basic] Weapon Skills scimitar [Basic] club [Basic] sling [Basic] Spellcasting Skills Final Attributes: You were piously aligned. You were poison resistant. You had infravision. You were somewhat stealthy. You are dead. Vanquished creatures: a winter wolf cub a dingo a blue jelly a gnome mummy a human zombie 3 bugbears 2 Uruk-hai 2 ponies 2 fog clouds a gray ooze a puppy a kitten a dwarf 4 iguanas a jitterbug 2 giant bats 2 monkeys an orc zombie 2 dwarf zombies a werejackal 2 killer bees 2 hobbits a large kobold 5 geckos 2 hobgoblins 4 cave spiders a yellow mold 2 green molds a gnome 3 garter snakes 5 manes 3 gnome zombies a jackal a fox 8 newts a goblin 2 sewer rats 13 grid bugs 6 lichens a kobold zombie 95 creatures vanquished. Voluntary challenges: You did not adorn yourself with jewelry or accessories. You did not cause conflict. You were not invisible. You did not have reflection. You were not displaced. You used a wielded weapon 140 times, starting on turn 5. You did not apply a unicorn horn. You did not use plumbed fixtures. You did not drink any magical draughts. You were illiterate. You never genocided any monsters. You never polymorphed an object. You never changed form. You used no wishes. You never split a pudding. You never wrote Elbereth's name. You never violated your personal moral code. Dungeon overview: The Dungeons of Doom: levels 1 to 9 Level 1 some fountains a long staircase Level 2 an altar to Anshar, some fountains stairs to The Gnomish Mines Level 3 a fountain Level 4 some fountains Level 5 Level 6 Level 7 a fountain Level 8 (locked box) <- You were here a fountain Level 9 The Gnomish Mines: Level 3 stairs to The Dungeons of Doom History has recorded: On T:1 you entered the Dungeons of Doom to retrieve the Amulet of Yendor! On T:313 you advanced to experience level 2. On T:535 you reached level 2 of The Dungeons of Doom. On T:570 you reached level 1 of The Gnomish Mines. On T:941 you advanced to experience level 3. On T:971 you reached level 3 of The Dungeons of Doom. On T:1076 you reached level 4 of The Dungeons of Doom. On T:1520 you advanced to experience level 4. On T:1652 you reached level 5 of The Dungeons of Doom. On T:2094 you advanced to experience level 5. On T:2479 you prayed to Anshar. On T:2482 you advanced to experience level 6. On T:2701 you reached level 6 of The Dungeons of Doom. On T:2856 you reached level 7 of The Dungeons of Doom. On T:3474 you reached level 8 of The Dungeons of Doom. On T:3531 you reached level 9 of The Dungeons of Doom. Score breakdown: Gold: 3113 ( 311 points) Experience: 6 levels ( 500 points) Exploration: 9 levels ( 240 points) Discoveries: 26 items ( 1300 points) Variety of kills: 40 monsters ( 2000 points) Major goal: (nothing yet) ( 0 points) Survival: died (score multiplied by 3) Total score: 13053 Latest messages: The giant spider bites! The giant spider moves its spinnerets around you. You hit the giant spider! The giant spider turns to flee! You are now wielding your sling. a - a +1 club (alternate weapon; not wielded). You are now wielding your club. b - a +2 sling (alternate weapon; not wielded). You start equipping your pair of hard shoes. You take off your pair of hard shoes. You stop changing your equipment. You are now wielding your sling. a - a +1 club (alternate weapon; not wielded). The flint hits the winter wolf cub. The flint hits the winter wolf cub! The winter wolf cub breathes frost! The blast of frost hits you! You hear the howling of the CwnAnnwn... The blast of frost bounces! The blast of frost hits you! The winter wolf cub breathes frost! The blast of frost hits you! The blast of frost bounces! The blast of frost hits you! You die... Final status: Goodbye woodfighter the Cavewoman, killed by a blast of frost... You died in The Dungeons of Doom on dungeon level 8 with 13053 points, and 3113 pieces of gold, after 4477 moves. You were level 6 with a maximum of 65 hit points when you died.